 Dungeon Crawl Stone Soup version 0.29.1-2-gbd0b4ee654 (webtiles) character file.

Game seed: 907493125826054374

7 bullfish the Slasher (level 1, 16/17 HPs)
             Began as a Draconian Gladiator on Nov 16, 2022.
             Was a Follower of Dithmenos.
             Got out of the dungeon alive.
             The game lasted 00:00:46 (294 turns).

bullfish the Slasher (Draconian Gladiator)           Turns: 294, Time: 00:00:46

Health: 16/17      AC:  4    Str: 16    XL:     1   Next: 91%
Magic:  1/1        EV: 12    Int:  8    God:    Dithmenos [*.....]
Gold:   27         SH:  0    Dex: 12    Spells: 0/0 levels left

rFire   . . .      SeeInvis .   a - +0 long sword
rCold   . . .      Faith    .   (no shield)
rNeg    . . .      Spirit   .   (body armour unavailable)
rPois   .          Reflect  .   b - +0 hat
rElec   .          Harm     .   (no cloak)
rCorr   .          Rampage  .   (no gloves)
Will    .....                   (no boots)
Stlth   +.........              (no amulet)
HPRegen 0.05/turn               (no ring)
MPRegen 0.07/turn               (no ring)

@: wreathed by umbra
A: AC +4, unfitting armour, cold-blooded
a: Renounce Religion


You escaped.
You worshipped Dithmenos.
Dithmenos was aware of your devotion.
You visited 1 branch of the dungeon, and saw 1 of its levels.

You collected 27 gold pieces.

Inventory:

Hand Weapons
 a - a +0 long sword (weapon)
Missiles
 c - 3 throwing nets (quivered)
 d - a javelin
 e - 3 stones
Armour
 b - a +0 hat (worn)


   Skills:
 - Level 2.1 Fighting
 + Level 3.5 Long Blades
 - Level 1.7 Throwing
 - Level 2.6 Dodging


You couldn't memorise any spells.
You didn't know any spells.
Your spell library was empty.

Dungeon Overview and Level Annotations

Branches:
Dungeon (1/15)

Altars:
Dithmenos


Innate Abilities, Weirdness & Mutations

Your plain brown scales are hard. (AC +4)
You cannot fit into any form of body armour.
You are cold-blooded and may be slowed by cold attacks.


Message History

You now have 9 gold pieces.
A giant cockroach comes into view.
The giant cockroach moves out of view.
A giant cockroach is nearby!
You closely miss the giant cockroach.
The giant cockroach bites you but does no damage.
The giant cockroach bites you.
You hit the giant cockroach.
You tail-slap the giant cockroach, but do no damage.
The giant cockroach is almost dead.
The giant cockroach closely misses you.
You closely miss the giant cockroach. You tail-slap the giant cockroach.
You kill the giant cockroach!
Found a spear.
You now have 13 gold pieces (gained 4).
You now have 27 gold pieces (gained 14).
Found a stone staircase leading down.
A dart slug comes into view.
A dart slug is nearby!
Found a faded altar of an unknown god.
You slash the dart slug!
The dart slug is almost dead.
The dart slug launches a dart at you. The slug dart hits you.
You hit the dart slug.
You kill the dart slug!
No target in view!
There is a faded altar of an unknown god here.
You cannot tell which god this altar belongs to.
Convert to them anyway?
Dithmenos accepts your prayer! Dithmenos welcomes you!
You are shrouded in an aura of darkness!
You pick your way through the web.
There is a web here.
You see here a +0 spear.
There is an open door here.
There is a staircase leading out of the dungeon here.
You can't go down here!
Are you sure you want to leave the Dungeon?
This will make you lose the game!
You have escaped!

#.....[..##...#
#........##...#
#.....รท..###..#
.........###..##
.........#.....##
.........#.###..####
.#.........# #.....#
.#.######.## #.#'#.#
...# ##...# #.#@# #
..####..### ..#+#
.......## #...
.####......##... .#
#...###.#.... ##
#.##.. ...
###.....## .....# ##
###..#


There were no monsters in sight!

Vanquished Creatures
  A dart slug (D:1)
  A bat (D:1)
  An endoplasm (D:1)
  A giant cockroach (D:1)
  A rat (D:1)
5 creatures vanquished.

Notes
Turn   | Place    | Note
-------+----------+-------------------------------------------
     0 | D:1      | bullfish the Draconian Gladiator began the quest for the
                  | Orb.
     0 | D:1      | Reached XP level 1. HP: 17/17 MP: 1/1
   242 | D:1      | Found a faded altar of an unknown god.
   251 | D:1      | Prayed at the altar of an unknown god.
   251 | D:1      | Became a worshipper of Dithmenos the Shadowed
   251 | D:1      | Reached * piety under Dithmenos
   294 | D:$      | Got out of the dungeon alive.

Illustrated notes

Levels and vault maps discovered:
D:1:      dpeg_arrival_tiny_d, layout_rooms, ebering_ecumenical_altar_webs

Action                   || total
-------------------------++-------
Melee: Long sword        ||    11
       Tailslap          ||     2
Armor: Skin              ||     1
Dodge: Dodged            ||     4
